 Dungeon Crawl Stone Soup version 0.23-a0-150-g7664ed7 (webtiles) character file.

22000 EvilAliv3 the Fighter (level 12, -6/133 HPs)
             Began as an Ogre Abyssal Knight on Sept 6, 2018.
             Was an Elder of Lugonu.
             Mangled by Rupert
             ... wielding a +2 great mace of protection
              (39 damage)
             ... on level 3 of the Lair of Beasts on Sept 7, 2018.
             The game lasted 02:22:33 (18551 turns).

EvilAliv3 the Fighter (Ogre Abyssal Knight)        Turns: 18551, Time: 02:22:34

Health: -6/133     AC: 14    Str: 22    XL:     12   Next: 95%
Magic:  23/23      EV:  7    Int: 11    God:    Lugonu [****..]
Gold:   125        SH: 10    Dex: 11    Spells: 21/26 levels left

rFire    . . .     SeeInvis +   a - +7 demon trident "Wugiteut" {pain, +Inv MR+ Dex+3}
rCold    . . .     Gourm    .   K - +2 shield {reflect}
rNeg     + . .     Faith    .   v - +2 robe {MR+}
rPois    +         Spirit   .   (helmet restricted)
rElec    .         Reflect  +   B - +2 cloak
rCorr    .         Harm     .   (gloves unavailable)
MR       ++++.                  (boots unavailable)
Stlth    +.........             (no amulet)
HPRegen  0.32/turn              P - +6 ring of protection
MPRegen  0.18/turn              C - ring "Hidu" {rPois rN+ MR+ Int-3 SInv}

@: heavily drained
A: large, unfitting armour, tough skin 1
a: Depart the Abyss, Bend Space, Banish, Corrupt, Renounce Religion, Evoke
Invisibility


You were on level 3 of the Lair of Beasts.
You worshipped Lugonu.
Lugonu was greatly pleased with you.
You were not hungry.

You visited 2 branches of the dungeon, and saw 14 of its levels.
You visited the Abyss 2 times.
You also visited: Labyrinth and Ossuary.

You collected 1103 gold pieces.
You spent 978 gold pieces at shops.

Inventory:

Hand Weapons
 a - the +7 demon trident "Wugiteut" (weapon) {pain, +Inv MR+ Dex+3}
   (You acquired it on level 1 of the Dungeon)

   In the hands of one skilled in necromantic magic, it inflicts extra damage on
   living creatures.
   It affects your dexterity (+3).
   It affects your resistance to hostile enchantments.
   It lets you turn invisible.
Missiles
 k - 18 javelins (quivered)
 t - 3 steel tomahawks
 u - 326 arrows
 z - 12 tomahawks
 J - 7 silver javelins
Armour
 l - a scarf of resistance
 v - a +2 robe of magic resistance (worn)
 B - a +2 cloak (worn)
 E - a +2 robe of cold resistance
 K - a +2 shield of reflection (worn)
Jewellery
 C - the ring "Hidu" (right hand) {rPois rN+ MR+ Int-3 SInv}
   (You found it on level 1 of the Abyss)

   [ring of positive energy]

   It affects your intelligence (-3).
   It protects you from poison.
   It protects you from negative energy.
   It affects your resistance to hostile enchantments.
   It lets you see invisible.
 P - a +6 ring of protection (left hand)
 Q - the ring "Zappon" {Str+2 Int+2 Dex+2}
   (You found it in a labyrinth)

   [ring of strength]

   It affects your strength (+2).
   It affects your intelligence (+2).
   It affects your dexterity (+2).
Wands
 f - a wand of disintegration (12)
 A - a wand of enslavement (23)
 F - a wand of flame (133)
 L - a wand of iceblast (5)
 R - a wand of acid (8)
 T - a wand of polymorph (14)
Scrolls
 e - a scroll of acquirement
 h - 4 scrolls of remove curse
 i - 5 scrolls of enchant armour
 s - 2 scrolls of fear
 x - 2 scrolls of teleportation
 y - a scroll of magic mapping
 D - 2 scrolls of immolation
 H - a scroll of summoning
 I - 2 scrolls of identify
Potions
 b - 5 potions of flight
 d - a potion of agility
 g - 11 potions of curing
 j - 2 potions of lignification
 m - 3 potions of might
 n - 7 potions of heal wounds
 o - 3 potions of brilliance
 p - 5 potions of mutation
 q - 3 potions of cancellation
 r - a potion of invisibility
Miscellaneous
 N - a box of beasts
Comestibles
 c - 27 rations


   Skills:
 + Level 12.5(10.4) Fighting
   Level 3.2(1.5) Maces & Flails
 * Level 12.3(10.1) Polearms
 - Level 2.1(0.5) Dodging
 + Level 4.1(2.4) Shields
 + Level 7.9(6.0) Spellcasting
 + Level 6.5(4.7) Necromancy
 + Level 2.4(0.8) Transmutations
 + Level 9.1(7.1) Invocations


You had 21 spell levels left.
You knew the following spells:

 Your Spells              Type           Power        Failure   Level  Hunger
a - Animate Skeleton      Necr           N/A          11%         1    None
b - Beastly Appendage     Tmut           #.....       50%         1    None
c - Sticks to Snakes      Tmut           #.......     63%         2    ##.....
e - Apportation           Tloc           #.....       61%         1    None

Your spell library contained the following spells:

 Spells                   Type           Power        Failure   Level  Hunger
 Confusing Touch          Hex            #.....       61%         1    None
 Corona                   Hex            #......      61%         1    None
 Magic Dart               Conj           #...         61%         1    None
 Shock                    Conj/Air       #...         61%         1    None
 Summon Small Mammal      Summ           #...         61%         1    None
 Passwall                 Tmut/Erth      #.......     69%         2    ##.....
 Blink                    Tloc           N/A          75%         2    ##.....
 Call Imp                 Summ           #.......     75%         2    ##.....
 Ensorcelled Hibernation  Hex/Ice        #.....       75%         2    ##.....
 Slow                     Hex            #.......     75%         2    ##.....
 Swiftness                Chrm/Air       #.......     75%         2    ##.....
 Spider Form              Tmut/Pois      #.........   89%         3    ###....
 Confuse                  Hex            #.......     93%         3    ###....
 Conjure Flame            Conj/Fire      #.......     93%         3    ###....
 Dazzling Spray           Conj/Hex       #.....       93%         3    ###....
 Gell's Gravitas          Tloc           #.........   93%         3    ###....
 Mephitic Cloud           Conj/Pois/Air  #.......     93%         3    ###....
 Static Discharge         Conj/Air       #.......     93%         3    ###....
 Tukima's Dance           Hex            #.......     93%         3    ###....
 Airstrike                Air            #.........   100%        4    ####...
 Ice Form                 Ice/Tmut       #.......     100%        4    ####...
 Passage of Golubria      Tloc           N/A          100%        4    ####...
 Petrify                  Tmut/Erth      #.......     100%        4    ####...
 Blade Hands              Tmut           #.........   100%        5    ######.
 Irradiate                Conj/Tmut      #.........   100%        5    ######.
 Lee's Rapid Deconstruct  Erth           #.........   100%        5    ######.
 Lightning Bolt           Conj/Air       #.........   100%        5    ######.
 Metabolic Englaciation   Hex/Ice        #.........   100%        5    ######.
 Yara's Violent Unravell  Hex/Tmut       #.........   100%        5    ######.
 Darkness                 Hex            #.........   100%        6    #######
 Deflect Missiles         Chrm/Air       #.........   100%        6    #######
 Hydra Form               Tmut           #.........   100%        6    #######
 Invisibility             Hex            #.......     100%        6    #######
 Statue Form              Tmut/Erth      #........    100%        6    #######
 Dragon Form              Tmut           #.........   100%        7    #######
 Malign Gateway           Summ/Tloc      #.........   100%        7    #######
 Summon Hydra             Summ           #.........   100%        7    #######


Dungeon Overview and Level Annotations

Branches:
Dungeon (11/15)            Temple (0/1) D:4            Lair (3/6) D:11
 Shoals (0/4) Lair:2          Orc (0/2) D:10
  Snake: Lair:2-4    Spider: Lair:2-4

Altars:
Elyvilon
Nemelex Xobeh
Okawaru
Sif Muna
Vehumet
The Shining One

Shops:
D:4 *   D:9 ?[[!

Annotations:
Lair:1 exclusion: 2 oklob plants
Lair:3 Rupert


Innate Abilities, Weirdness & Mutations

You are too large for most types of armour.
You have tough skin. (AC +1)


Message History

Rupert is almost dead.
Rupert roars madly and goes into a rage!
Rupert goes berserk!
You closely miss Rupert.
Rupert is almost dead.
Rupert hits you with a great mace of protection!!!
You hit Rupert.
Rupert is almost dead.
Rupert hits you with a great mace of protection!!
* * * LOW HITPOINT WARNING * * *
You feel much better.
Rupert hits you with a great mace of protection!!
* * * LOW HITPOINT WARNING * * *
You hit Rupert.
Rupert writhes in agony.
Rupert is almost dead.
Rupert hits you with a great mace of protection!
* * * LOW HITPOINT WARNING * * *
You feel much better.
Rupert hits you with a great mace of protection!!!
You die...

..............#
................
..................
.................#
...>.............#
.................#
..................
..........@@......
..................
.#.#.......$....
##...##...#..
##....##### #
#P....# #.....#
#.....# #....##


You could see Rupert (berserk).

Vanquished Creatures
  A minotaur (Lab)
  Erolcha (D:11)
  Harold (D:7)
  3 hydras
  2 two-headed ogres (D:9)
  A queen ant (D:10)
  A skeletal warrior (D:11)
  Pikel (D:8)
  A cyclops (D:11)
  2 black mambas
  3 spiny frogs
  A komodo dragon (D:11)
  2 trolls
  A hornet (D:11)
  Grinder (D:6)
  4 dream sheep (Lair:1)
  3 hippogriffs
  A shadow (D:11)
  A human (D:7)
  5 yaks
  4 hogs (D:7)
  Edmund (D:5)
  6 water moccasins
  12 soldier ants (D:10)
  2 porcupines
  3 slaves (D:8)
  5 orc warriors
  A phantom (D:10)
  A black bear (D:6)
  2 ice beasts (D:7)
  6 ogres
  5 wolves (Lair:1)
  7 centaurs
  2 big kobolds (D:10)
  9 bullfrogs
  2 scorpions
  5 killer bees (D:7)
  3 wights (D:6)
  A howler monkey (D:6)
  8 crimson imps
  2 quasits
  2 bullfrog zombies
  3 centaur zombies
  A centaur skeleton (D:11)
  8 hounds
  A jelly (D:10)
  4 orc priests
  2 iguanas
  8 orc wizards
  2 hell rats (Lair:2)
  41 worker ants
  A killer bee zombie (D:10)
  A big kobold zombie (Ossuary)
  8 mummies (Ossuary)
  A worker ant zombie (D:8)
  8 gnolls (D:4)
  10 adders
  8 river rats (Lair:2)
  2 shadow imps
  2 oozes (D:3)
  An adder zombie (D:6)
  An adder skeleton (D:5)
  A worm (D:3)
  3 dart slugs
  3 leopard geckos
  41 orcs
  9 giant cockroaches
  5 goblins
  6 hobgoblins
  18 jackals
  2 quokkas (D:3)
  3 ball pythons (D:1)
  7 bats
  7 frilled lizards
  5 hobgoblin zombies (Ossuary)
  18 kobolds
  A leopard gecko zombie (D:5)
  2 orc zombies (Ossuary)
  A quokka skeleton (D:5)
  A quokka zombie (D:5)
  10 rats
381 creatures vanquished.

Vanquished Creatures (collateral kills)
  A hippogriff (Lair:1)
  A centaur (D:6)
  Blork the orc (D:6)
  An orc (D:8)
  A rat (Lair:2)
5 creatures vanquished.

Vanquished Creatures (others)
  A two-headed ogre (D:8)
  A plant (D:11)
2 creatures vanquished.

Grand Total: 388 creatures vanquished

Notes
Turn   | Place    | Note
-------+----------+-------------------------------------------
     0 | Abyss:1  | EvilAliv3 the Ogre Abyssal Knight began the quest for the
                  | Orb.
     0 | Abyss:1  | Reached XP level 1. HP: 24/24 MP: 2/2
    30 | Abyss:1  | Noticed an orange demon
    93 | Abyss:2  | Found a viscous altar of Jiyva.
   137 | Abyss:3  | Noticed a vampire mage
   144 | Abyss:3  | Noticed a lich
   147 | D:1      | Escaped the Abyss
   148 | D:1      | Identified 3 scrolls of acquirement
   153 | D:1      | Reached * piety under Lugonu
   160 | D:1      | Got a jewelled demon trident
   161 | D:1      | Identified the +7 demon trident "Wugiteut" {pain, +Inv MR+
                  | Dex+3} (You acquired it on level 1 of the Dungeon)
   192 | D:1      | Reached XP level 2. HP: 31/32 MP: 3/3
   443 | D:1      | Reached XP level 3. HP: 40/40 MP: 5/5
   564 | D:1      | Reached ** piety under Lugonu
   972 | D:2      | You fall through a shaft!
   985 | D:3      | Reached skill level 5 in Fighting
  1082 | D:3      | Reached XP level 4. HP: 48/50 MP: 6/6
  1161 | D:3      | Found a faded altar of an unknown god.
  1260 | D:3      | Found a deep blue altar of Sif Muna.
  1395 | D:3      | Noticed an ogre
  1499 | D:2      | Found a sparkling altar of Nemelex Xobeh.
  2134 | D:3      | Reached *** piety under Lugonu
  2147 | D:3      | Reached skill level 1 in Polearms
  2147 | D:3      | Reached XP level 5. HP: 44/59 MP: 6/8
  2645 | D:4      | Found Yxelal's Assorted Antiques.
  2650 | D:4      | Reached XP level 6. HP: 58/67 MP: 9/9
  2661 | D:4      | Bought an embroidered robe for 66 gold pieces
  2661 | D:4      | Bought an agate ring for 90 gold pieces
  2661 | D:4      | Bought a viscous orange potion for 16 gold pieces
  2784 | D:4      | Found a sand-covered staircase.
  2794 | Ossuary  | Entered an ossuary
  3489 | D:4      | Reached XP level 7. HP: 69/76 MP: 10/10
  3549 | D:4      | Found a staircase to the Ecumenical Temple.
  3599 | D:4      | Reached skill level 5 in Invocations
  3773 | D:5      | Entered Level 5 of the Dungeon
  4160 | D:5      | Reached **** piety under Lugonu
  4222 | D:5      | Noticed Edmund
  4233 | D:5      | Killed Edmund
  4468 | D:5      | Reached skill level 5 in Polearms
  4468 | D:5      | Reached XP level 8. HP: 77/87 MP: 12/12
  5151 | D:6      | Noticed Blork the orc
  6066 | D:6      | Reached XP level 9. HP: 97/97 MP: 13/13
  6311 | D:6      | Learned a level 1 spell: Animate Skeleton
  6313 | D:6      | Learned a level 1 spell: Beastly Appendage
  6316 | D:6      | Learned a level 2 spell: Sticks to Snakes
  6387 | D:6      | Noticed Grinder
  6417 | D:6      | Killed Grinder
  6417 | D:6      | Reached skill level 1 in Spellcasting
  6417 | D:6      | Reached skill level 1 in Necromancy
  6740 | D:6      | Killed Blork the orc
  6753 | D:6      | Noticed a troll
  6769 | D:6      | Killed a troll
  6809 | D:6      | Reached ***** piety under Lugonu
  7262 | D:7      | Reached XP level 10. HP: 106/109 MP: 15/15
  7366 | D:7      | Reached skill level 10 in Fighting
  7620 | D:7      | Found an iron altar of Okawaru.
  7703 | D:7      | Noticed Harold
  7715 | D:7      | Killed Harold
  8634 | D:8      | Learned a level 2 spell: Blink
  8636 | D:8      | Learned a level 1 spell: Apportation
  8693 | D:8      | Reached skill level 5 in Spellcasting
  8737 | D:8      | Noticed Pikel
  8738 | D:8      | Found a glowing golden altar of the Shining One.
  8739 | D:8      | Found a radiant altar of Vehumet.
  8761 | D:8      | Killed Pikel
  8761 | D:8      | Reached skill level 10 in Polearms
  8772 | D:8      | Found a white marble altar of Elyvilon.
  9040 | D:8      | Noticed a two-headed ogre
  9041 | D:8      | Banished a two-headed ogre
  9041 | D:8      | Reached XP level 11. HP: 120/120 MP: 17/19
  9251 | D:9      | Found Kabrul's Distillery.
  9259 | D:9      | Bought a potion of heal wounds for 65 gold pieces
  9259 | D:9      | Bought a potion of heal wounds for 65 gold pieces
  9259 | D:9      | Bought 2 potions of heal wounds for 130 gold pieces
  9381 | D:9      | Noticed a two-headed ogre
  9404 | D:9      | Killed a two-headed ogre
  9839 | D:9      | Found Ruffirch's Armour Emporium.
  9848 | D:9      | Bought a +2 shield of reflection for 277 gold pieces
  9955 | D:9      | Found Pirogriuc's Magic Scroll Shoppe.
  9958 | D:9      | Bought a scroll of noise for 15 gold pieces
  9958 | D:9      | Bought a scroll of identify for 30 gold pieces
 10006 | D:9      | Noticed a two-headed ogre
 10017 | D:9      | Killed a two-headed ogre
 10017 | D:9      | Reached skill level 5 in Necromancy
 10298 | D:9      | Found Rynypnogg's Antique Armour Shop.
 10396 | D:10     | Entered Level 10 of the Dungeon
 10605 | D:10     | Found a staircase to the Orcish Mines.
 10665 | D:10     | Reached skill level 1 in Shields
 11020 | D:10     | Reached ****** piety under Lugonu
 11138 | D:10     | Noticed a queen ant
 11153 | D:10     | Killed a queen ant
 11940 | D:11     | Noticed Erolcha
 11994 | D:11     | Noticed a five-headed hydra
 12006 | D:11     | Killed a five-headed hydra
 12006 | D:11     | Reached XP level 12. HP: 132/132 MP: 17/22
 12461 | D:11     | Killed Erolcha
 12714 | D:11     | Noticed a death knight
 13204 | D:11     | Found a staircase to the Lair.
 13230 | Lair:1   | Entered Level 1 of the Lair of Beasts
 13379 | Lair:1   | Reached skill level 1 in Transmutations
 14332 | Lair:2   | Noticed an eight-headed hydra
 14347 | Lair:2   | Killed an eight-headed hydra
 14380 | Lair:2   | Found a labyrinth entrance.
 14394 | Lab      | Entered a labyrinth
 14820 | Lab      | Noticed a minotaur
 14936 | Lab      | HP: 4/133 [minotaur/javelin (29)]
 16252 | Abyss:1  | Found a shimmering altar of Xom.
 16253 | Abyss:1  | Found a shimmering altar of Xom.
 16254 | Abyss:1  | Found a shimmering altar of Xom.
 16254 | Abyss:1  | Found a corrupted altar of Lugonu.
 16254 | Abyss:1  | Found a shimmering altar of Xom.
 16255 | Abyss:1  | Got a wavering ivory ring
 16266 | Abyss:1  | Found a shimmering altar of Xom.
 16266 | Abyss:1  | Found a shimmering altar of Xom.
 16270 | Abyss:1  | Found a shimmering altar of Xom.
 16302 | Abyss:1  | Found a shimmering altar of Xom.
 16303 | Abyss:1  | Found a shimmering altar of Xom.
 16345 | Lab      | Escaped the Abyss
 17278 | Lab      | Killed a minotaur
 17284 | Lab      | Identified the Grimoire of Supportive Air
 17285 | Lab      | Got a transparent amber ring
 17546 | Lair:2   | Identified the ring "Zappon" {Str+2 Int+2 Dex+2} (You found
                  | it in a labyrinth)
 17576 | Lair:2   | Found a staircase to the Shoals.
 17805 | Lair:2   | Noticed a seven-headed hydra
 17815 | Lair:2   | Killed a seven-headed hydra
 18193 | Lair:2   | Identified the ring "Hidu" {rPois rN+ MR+ Int-3 SInv} (You
                  | found it on level 1 of the Abyss)
 18363 | D:9      | Bought a scroll of magic mapping for 52 gold pieces
 18363 | D:9      | Bought a scroll of summoning for 142 gold pieces
 18363 | D:9      | Bought a scroll of identify for 30 gold pieces
 18531 | Lair:3   | Noticed Rupert
 18551 | Lair:3   | Mangled by Rupert

Vault maps used:
D:1:      minmay_arrival_checkered_box
D:2:      lemuel_crystal_altar, serial_park_tiny_pond, skrybe_limestone_x
D:3:      lemuel_crystal_altar, chequers_ecumenical_altar_simple
D:4:      minmay_temple_entry_statues_fountains, serial_shops, shop,
          nicolae_ossuary_entry_monument, kennysheep_generic_room_10
D:5:      first_ration, uniq_edmund
D:6:      patterned_corridor, uniq_blork_the_orc, uniq_grinder
D:7:      kennysheep_little_box, grunt_livestock, uniq_harold
D:8:      gammafunk_temple_overflow_forgotten, uniq_pikel
D:9:      serial_shops, kennysheep_mini_moat, shop, nicolae_shop_crystal,
          kennysheep_mini
D:10:     orc_0_dummy, zaba_anthell
D:11:     david_lair_shrubbed, minmay_liquid_box, dk_noncrumbling_4,
          uniq_erolcha
Lair:1:   minmay_lair_oklob_chamber, grunt_megastairs_5, serial_bayou_shore_b
Lair:2:   minmay_shoals_entry_centaurs, lab_entry_generic,
          kennysheep_abandoned_house
Lair:3:   uniq_rupert, uniq_fannar
Abyss:1:  onia_ninara_dug_in_and_dangerous, bh_abyss_xom_lugonu_altar
Abyss:3:  nicolae_abyss_rune_left_handed
Lab:      labyrinth_mini_lab, labyrinth_skeletal_remains
Ossuary:  ossuary_tomb_3

Skill      XL: |  1  2  3  4  5  6  7  8  9 10 11 12 |
---------------+-------------------------------------+-----
Invocations    | 3 4 5 6 7 8 9 |  9.1
Fighting       | 5 6 7 8 9 11 12 | 12.5
Polearms       | 1 2 3 5 6 8 10 11 12 | 12.3
Maces & Flails | 2 3 |  3.2
Spellcasting   | 3 5 6 7 |  7.9
Necromancy     | 2 4 5 6 |  6.5
Shields        | 2 4 |  4.1
Transmutations | 2 |  2.4
Dodging        | |  2.1

Action                   |  1- 3 |  4- 6 |  7- 9 | 10-12 || total
-------------------------+-------+-------+-------+-------++-------
Melee: Demon trident     |    70 |   142 |   242 |   675 ||  1129
       Mace              |     6 |       |       |       ||     6
       Headbutt          |       |       |       |     6 ||     6
       Kick              |       |       |       |     2 ||     2
Throw: Tomahawk          |       |       |     1 |       ||     1
       Javelin           |       |       |       |     1 ||     1
 Cast: Animate Skeleton  |       |       |     6 |    33 ||    39
       Beastly Appendage |       |       |       |     5 ||     5
       Sticks to Snakes  |       |       |       |    53 ||    53
Invok: Depart the Abyss  |     1 |       |       |     1 ||     2
       Bend Space        |       |       |       |     1 ||     1
       Banish            |       |       |       |     1 ||     1
       Enter the Abyss   |       |       |       |     1 ||     1
Evoke: Wand              |       |       |       |     4 ||     4
       Box of beasts     |       |       |       |     1 ||     1
  Use: Scroll            |     1 |     8 |     7 |    14 ||    30
       Potion            |       |       |       |    23 ||    23
 Stab: Sleeping          |     2 |     4 |     1 |     1 ||     8
       Invisible         |       |       |       |     3 ||     3
  Eat: Chunk             |     1 |     6 |    14 |    22 ||    43
       Ration            |       |       |       |     5 ||     5
Armor: Robe              |    11 |    15 |    42 |    72 ||   140
       Skin              |       |       |       |    49 ||    49
Dodge: Dodged            |    34 |    34 |    71 |   133 ||   272
Block: Shield            |       |       |       |   150 ||   150
       Reflection        |       |       |       |     3 ||     3

Table legend:
 A = Non-vault XP
 B = Vault XP
 C = Vault XP percentage of total XP
 D = Non-vault monster count
 E = Vault monster count
 F = Vault count percentage of total count
                 A         B        C        D         E       F
            +---------+---------+-------+---------+---------+-------
      Total |   19340 |   12089 |  38.5 |     289 |      95 |  24.7
            +---------+---------+-------+---------+---------+-------
        D:1 |      45 |       0 |   0.0 |      30 |       0 |   0.0
        D:2 |      18 |       0 |   0.0 |      11 |       0 |   0.0
        D:3 |     188 |       0 |   0.0 |      38 |       0 |   0.0
        D:4 |     322 |       0 |   0.0 |      19 |       0 |   0.0
        D:5 |     893 |     169 |  15.9 |      24 |       1 |   4.0
        D:6 |    1913 |     351 |  15.5 |      36 |       2 |   5.3
        D:7 |    1819 |    1965 |  51.9 |      29 |       6 |  17.1
        D:8 |    1139 |     641 |  36.0 |      28 |       1 |   3.4
        D:9 |    2879 |       0 |   0.0 |      15 |       0 |   0.0
       D:10 |    1921 |    3765 |  66.2 |      25 |      45 |  64.3
       D:11 |    3423 |    1383 |  28.8 |      13 |       2 |  13.3
     Lair:1 |    2117 |     938 |  30.7 |      13 |       3 |  18.8
     Lair:2 |    2663 |    1494 |  35.9 |       8 |      18 |  69.2
        Lab |       0 |    1208 | 100.0 |       0 |       1 | 100.0
    Ossuary |       0 |     175 | 100.0 |       0 |      16 | 100.0
            +---------+---------+-------+---------+---------+-------
